 Dungeon Crawl Stone Soup version 0.21-a0-450-gd87a9b2 (webtiles) character file.

325 slep the Slasher (level 6, 0/72 HPs)
             Began as a Demonspawn Monk on Nov 19, 2017.
             Was a Believer of Okawaru.
             Succumbed to a scorpion's poison
             ... on level 4 of the Dungeon.
             The game lasted 00:14:17 (2778 turns).

slep the Slasher (Demonspawn Monk)                  Turns: 2778, Time: 00:14:17

Health: 0/72       AC: 23    Str: 12 (13) XL:     6   Next: 24%
Magic:  6/6        EV:  2    Int: 11 (12) God:    Okawaru [**....]
Gold:   153        SH:  0    Dex: 12 (15) Spells: 5/5 levels left

rFire    + . .     SeeInvis .   t - +0 long sword
rCold    . . .     Gourm    .   (no shield)
rNeg     + + +     Faith    .   (armour currently unavailable)
rPois    +         Spirit   .   (helmet currently unavailable)
rElec    .         Reflect  .   (cloak currently unavailable)
rCorr    .         Harm     .   (gloves currently unavailable)
MR       .....     NoTele   +   (boots currently unavailable)
Stlth    ++........             x - amulet of rage
HPRegen  0.22/turn              (no ring)
MPRegen  0.10/turn              q - ring of protection from fire

@: lethally poisoned (0 -> -6), tree-form, very slightly contaminated, hasted,
invisible, very quick
A: powered by death 1
a: Heroism, Renounce Religion, Evoke Berserk Rage


You were on level 4 of the Dungeon.
You worshipped Okawaru.
Okawaru was pleased with you.
You were not hungry.
You were a tree.
You visited 1 branch of the dungeon, and saw 4 of its levels.

You collected 153 gold pieces.

Inventory:

Hand Weapons
 a - a +0 falchion
 t - a +0 long sword (weapon)
Armour
 b - a +0 robe
 g - a +0 leather armour
 l - a +0 scale mail (melded)
 s - a scarf of repulsion (melded)
Jewellery
 p - an uncursed ring of fire
 q - a ring of protection from fire (right branch)
 x - an amulet of rage (around neck)
Scrolls
 d - 6 scrolls of identify {unknown}
 f - 2 scrolls of fear {unknown}
 j - 2 scrolls of teleportation {unknown}
 k - 2 scrolls of recharging {unknown}
 n - 4 scrolls of remove curse {unknown}
 o - a scroll of amnesia {unknown}
 r - a scroll of random uselessness {unknown}
Potions
 h - a potion of flight
 m - a potion of haste
 w - a potion of invisibility
Books
 v - a book of Maledictions

   Spells                             Type                      Level
   a - Corona                         Hexes                        1
   b - Ensorcelled Hibernation        Hexes/Ice                    2
   c - Confuse                        Hexes                        3
   d - Tukima's Dance                 Hexes                        3
   e - Dazzling Spray                 Conjuration/Hexes            3
Comestibles
 c - 2 bread rations
 i - 2 royal jellies


   Skills:
 + Level 3.7 Fighting
 + Level 4.9 Long Blades
 + Level 1.5 Armour
 + Level 3.5 Dodging
 + Level 2.5 Stealth


You had 5 spell levels left.
You didn't know any spells.

Dungeon Overview and Level Annotations

Branches:
Dungeon (4/15)
 Temple: D:4-7

Altars:
Ashenzari
Nemelex Xobeh
Okawaru
Qazlal
Trog


Innate Abilities, Weirdness & Mutations

((You have razor-sharp toenails.))
((You are partially covered in yellow scales. (AC +2)))
You regenerate a little health from kills.


Message History

You feel sick.
You hear the rusting of a drain nearby.
* * * LOW HITPOINT WARNING * * *
You feel sick.
* * * LOW HITPOINT WARNING * * *
You feel sick.
* * * LOW HITPOINT WARNING * * *
You feel sick.
* * * LOW HITPOINT WARNING * * *
You feel sick.
* * * LOW HITPOINT WARNING * * *
You feel sick.
* * * LOW HITPOINT WARNING * * *
You feel sick.
* * * LOW HITPOINT WARNING * * *
You feel sick.
Unknown command.
* * * LOW HITPOINT WARNING * * *
You feel sick.
You die...

_. #. #8 ##### ##### #
#.... #...# # #....
#...# #.... #...##
###....########....#####
+.....†♣......'.........
#############.#....#....
#......#....
##.#####.... #.. #....
#... ...... #..########
#.##


There were no monsters in sight!

Vanquished Creatures
  A scorpion (D:4)
  3 orc priests (D:3)
  An orc wizard (D:3)
  7 adders
  An ooze (D:3)
  2 adder skeletons (D:4)
  A worm (D:4)
  3 dart slugs
  2 leopard geckos
  5 orcs (D:3)
  11 bats
  7 giant cockroaches
  4 goblins
  2 hobgoblins (D:3)
  4 jackals (D:4)
  7 frilled lizards
  10 kobolds
  7 rats
78 creatures vanquished.

Notes
Turn   | Place    | Note
-------+----------+-------------------------------------------
     0 | D:1      | slep the Demonspawn Monk began the quest for the Orb.
     0 | D:1      | Reached XP level 1. HP: 18/18 MP: 1/1
   271 | D:1      | Gained mutation: You are partially covered in yellow scales. (AC +2) [demonic ancestry]
   271 | D:1      | Reached XP level 2. HP: 21/24 MP: 2/2
   897 | D:2      | Reached skill level 3 in Long Blades
   909 | D:2      | Gained mutation: You have sharp toenails. [demonic ancestry]
   909 | D:2      | Reached XP level 3. HP: 29/29 MP: 3/3
  1053 | D:2      | Gained mutation: You regenerate a little health from kills. [demonic ancestry]
  1053 | D:2      | Reached XP level 4. HP: 27/35 MP: 4/4
  2040 | D:3      | Reached skill level 1 in Armour
  2047 | D:3      | Reached skill level 4 in Long Blades
  2047 | D:3      | Gained mutation: You have razor-sharp toenails. [demonic ancestry]
  2047 | D:3      | Reached XP level 5. HP: 38/41 MP: 5/5
  2155 | D:3      | Found an iron altar of Okawaru.
  2168 | D:3      | Became a worshipper of Warmaster Okawaru
  2168 | D:3      | Reached * piety under Okawaru
  2168 | D:3      | Reached ** piety under Okawaru
  2274 | D:3      | Found a bloodstained altar of Trog.
  2613 | D:4      | Found a shattered altar of Ashenzari.
  2707 | D:4      | Reached XP level 6. HP: 47/47 MP: 6/6
  2709 | D:4      | Found a sparkling altar of Nemelex Xobeh.
  2712 | D:4      | Found a stormy altar of Qazlal.
  2772 | D:4      | HP: 3/72 [poisoned by a scorpion]
  2777 | D:4      | HP: 1/72 [poisoned by a scorpion]
  2778 | D:4      | Succumbed to a scorpion's poison

Vault maps used:
D:1:      evilmike_arrival_rings, wad_floor_pattern_2
D:2:      serial_co_window_serial, co_window_paths_b, co_window_paths_a,
          co_window_corner_a, co_window_paths_b, co_window_of_opportunity_a,
          co_window_corner_b, co_window_corner_b, co_window_corner_ca,
          co_window_paths_c, glass_columns_a, minmay_surrounded
D:3:      nicolae_overflow_crystal_walls, lemuel_doored_altar
D:4:      nicolae_overflow_hidden_temple, old_standard_altar,
          minmay_temple_entry_butterflies, gup_sewer_entry_spiral, first_bread

Skill      XL: |  1  2  3  4 |
---------------+-------------+-----
Dodging        | 3 |  3.5
Stealth        | 2 |  2.5
Long Blades    | 3 4 |  4.9
Armour         | 1 |  1.5
Fighting       | |  3.7

Action                   |  1- 3 |  4- 6 || total
-------------------------+-------+-------++-------
Melee: Falchion          |    73 |    38 ||   111
       Kick              |     4 |    37 ||    41
       Long sword        |       |    98 ||    98
  Use: Potion            |       |     5 ||     5
 Stab: Sleeping          |     4 |       ||     4
  Eat: Chunk             |       |     6 ||     6
Armor: Leather armour    |     9 |       ||     9
       Robe              |     2 |       ||     2
       Scale mail        |    29 |    70 ||    99
Dodge: Dodged            |    57 |    96 ||   153
       Deflected         |       |     1 ||     1
       Rpst.: Falchion   |    22 |     7 ||    29
       Long sword        |       |    27 ||    27

Table legend:
 A = Spawn XP
 B = Non-spawn XP
 C = Spawn XP percentage of total XP
 D = Spawn monster count
 E = Non-spawn monster count
 F = Spawn count percentage of total count
 G = Total turns spent on level
                    A         B        C        D         E        F      G
               +---------+---------+-------+---------+---------+-------+---------
         Total |       0 |     465 |   0.0 |       0 |      78 |   0.0 |  2778
               +---------+---------+-------+---------+---------+-------+---------
           D:1 |       0 |      23 |   0.0 |       0 |      14 |   0.0 |   779
           D:2 |       0 |     104 |   0.0 |       0 |      29 |   0.0 |  1201
           D:3 |       0 |     239 |   0.0 |       0 |      26 |   0.0 |   587
           D:4 |       0 |      99 |   0.0 |       0 |       9 |   0.0 |   211
               +---------+---------+-------+---------+---------+-------+---------
